 Dungeon Crawl Stone Soup version 0.28-a0-932-g843f935a50 (webtiles) character file.

Game seed: 17016065842756215052

247 opjop the Vexing (level 5, -4/24 HPs)
             Began as a Spriggan Enchanter on Nov 27, 2021.
             Slain by a kobold (17 damage)
             ... in a sewer.
             The game lasted 00:07:50 (4073 turns).

opjop the Vexing (Spriggan Enchanter)               Turns: 4073, Time: 00:07:56

Health: -4/24      AC:  5    Str:  5    XL:     5   Next: 85%
Magic:  10/13      EV: 17    Int: 16    God:
Gold:   139        SH:  0    Dex: 16    Spells: 6/14 levels left

rFire   . . .      SeeInvis +   d - +0 dagger (venom)
rCold   . . .      Faith    .   (shield restricted)
rNeg    . . .      Spirit   .   b - +1 robe
rPois   .          Reflect  .   (helmet restricted)
rElec   .          Harm     .   (no cloak)
rCorr   .          Rampage  .   (gloves unavailable)
Will    .....                   (boots unavailable)
Stlth   ++........              (no amulet)
HPRegen 0.08/turn               (no ring)
MPRegen 0.13/turn               (no ring)

@: slow
A: very small, no large weapons, unfitting armour, see invisible, speed 3, horns
1, iridescent scales 1
a: no special abilities


You were in a sewer.
You visited 1 branch of the dungeon, and saw 3 of its levels.
You also visited: Sewer.

You collected 139 gold pieces.

Inventory:

Hand Weapons
 a - a +1 dagger
 d - a +0 dagger of venom (weapon)
Armour
 b - a +1 robe (worn)
Potions
 c - a potion of invisibility
 e - a potion of mutation
 f - a potion of attraction {unknown}
 g - a potion of heal wounds
 h - a potion of haste {unknown}
 i - a potion of flight {unknown}


   Skills:
 - Level 1.1 Short Blades
 - Level 2.6 Dodging
 + Level 5.2 Stealth
 + Level 5.4 Spellcasting
 + Level 6.0 Hexes


You had 6 spell levels left.
You knew the following spells:

 Your Spells              Type           Power      Damage    Failure   Level
a - Ensorcelled Hibernat  Hex/Ice        28%        N/A       6%          2
b - Tukima's Dance        Hex            23%        N/A       3%          3
c - Dazzling Flash        Conj/Hex       28%        N/A       13%         3

Your spell library contained the following spells:

 Spells                   Type           Power      Damage    Failure   Level
 Confusing Touch          Hex            23%        N/A       3%          3


Dungeon Overview and Level Annotations

Branches:
Dungeon (3/15)              Sewer (1/1)

Altars:


Innate Abilities, Weirdness & Mutations

You are very small and have problems with some larger weapons.
You are too small for most types of armour.
You have supernaturally acute eyesight. (SInv)
You cover ground extremely quickly. (Speed+++)
You have a pair of small horns on your head.
You are partially covered in iridescent scales. (AC +2)


Message History

Aim: a kobold brigand, wielding a +0 short sword and quivering curare-tipped darts (chance to affect: 45%)
The kobold brigand resists with some effort.
You feel sick.
The kobold brigand splashes around in the water.
The kobold brigand closely misses you.
Casting: Ensorcelled Hibernation (safe; 6% risk of failure)
Confirm with . or Enter, or press ? or * to list all spells.
Aiming: Ensorcelled Hibernation (safe; 6% risk of failure)
Press: ? - help, Shift-Dir - straight line, f/p - kobold brigand
Aim: a kobold brigand, wielding a +0 short sword and quivering curare-tipped darts (chance to affect: 45%)
The kobold brigand looks drowsy...
You feel sick.
Unknown command.
Your unstable footing causes you to fumble your attack.
You feel sick.
The kobold splashes around in the water.
The kobold completely misses you.
The kobold brigand shouts!
Your unstable footing causes you to fumble your attack.
You feel sick.
The kobold splashes around in the water.
The kobold brigand closely misses you.
Your unstable footing causes you to fumble your attack.
You feel sick.
You are no longer poisoned.
The kobold closely misses you.
The kobold brigand splashes around in the water.
The kobold barely misses you. The kobold brigand misses you.
Your unstable footing causes you to fumble your attack.
The kobold splashes around in the water.
The kobold brigand misses you.
Your unstable footing causes you to fumble your attack.
The kobold closely misses you.
The kobold brigand splashes around in the water.
Your unstable footing causes you to fumble your attack.
You feel yourself speed up. The kobold misses you.
The kobold brigand hits you but does no damage. x2
The kobold hits you but does no damage.
You are electrocuted!
Ouch! That really hurt!
You die...

#. .# #≈ K# #≈
≈# ≈#≈ .≈≈ #.#
≈# #.# ≈#
#≈###≈# #≈K@≈≈#
##K≈≈## #≈≈≈#
#.≈≈# .≈ #≈.≈##
#≈≈ #≈..≈##
#...≈
#.≈≈≈.#####≈.≈≈≈
##...≈≈≈≈≈..≈..
###..≈≈≈.≈≈≈#


You could see a kobold brigand and a kobold.

Vanquished Creatures
  Jessica (D:2)
  3 adders
  2 gnolls (D:2)
  A worm (D:2)
  2 dart slugs (D:1)
  7 endoplasms
  2 giant cockroaches
  9 goblins
  11 hobgoblins
  2 quokkas (D:2)
  6 ball pythons
  7 bats
  2 frilled lizards
  6 kobolds
  6 rats
67 creatures vanquished.

Vanquished Creatures (collateral kills)
  An ogre (D:3)
  2 gnolls (D:2)
3 creatures vanquished.

Grand Total: 70 creatures vanquished

Notes
Turn   | Place    | Note
-------+----------+-------------------------------------------
     0 | D:1      | opjop the Spriggan Enchanter began the quest for the Orb.
     0 | D:1      | Reached XP level 1. HP: 9/9 MP: 5/5
     5 | D:1      | Found a faded altar of an unknown god.
   723 | D:1      | Reached skill level 4 in Hexes
   723 | D:1      | Reached XP level 2. HP: 13/13 MP: 7/7
   726 | D:1      | Learned a level 2 spell: Ensorcelled Hibernation
  1551 | D:1      | Reached XP level 3. HP: 10/16 MP: 9/9
  1555 | D:1      | Learned a level 3 spell: Tukima's Dance
  1559 | D:1      | Learned a level 3 spell: Dazzling Flash
  1950 | D:2      | Gained mutation: You have a pair of small horns on your
                  | head. [potion of mutation]
  1950 | D:2      | Gained mutation: You are robust. (+10% HP) [potion of
                  | mutation]
  1986 | D:2      | Lost mutation: You are robust. (+10% HP) [potion of
                  | mutation]
  1986 | D:2      | Lost mutation: You have a pair of small horns on your head.
                  | [potion of mutation]
  1986 | D:2      | Gained mutation: You have a pair of small horns on your
                  | head. [potion of mutation]
  1986 | D:2      | Gained mutation: You are partially covered in iridescent
                  | scales. (AC +2) [potion of mutation]
  2589 | D:2      | Noticed Jessica
  2600 | D:2      | Killed Jessica
  2601 | D:2      | Reached skill level 5 in Hexes
  2601 | D:2      | Reached XP level 4. HP: 12/21 MP: 11/11
  3271 | D:2      | Reached XP level 5. HP: 5/24 MP: 2/13
  3508 | D:2      | Reached skill level 5 in Spellcasting
  3756 | D:3      | Noticed an ogre
  3764 | D:3      | Killed an ogre
  3765 | D:3      | Reached skill level 5 in Stealth
  3765 | D:3      | Reached skill level 6 in Hexes
  3965 | D:3      | Found a glowing drain.
  3988 | Sewer    | Entered a sewer
  4073 | Sewer    | Slain by a kobold

Illustrated notes

Levels and vault maps discovered:
D:1:      doesnt_arrival_eight_statues, layout_loops_ring,
          hellmonk_ecumenical_altar_run_dry, minmay_cupped
D:2:      layout_loops_ring, minmay_pentomino_o4, uniq_jessica
D:3:      layout_basic, cheibrodos_ashenzari_chains, portal_sewer_entry_d,
          grunt_decor_mini_mirrors, guppyfry_early_orc_mine
Sewer:    sewer_co_tree

Skill      XL: |  1  2  3  4  5 |
---------------+----------------+-----
Spellcasting   | 3 4 5 |  5.4
Hexes          | 4 5 6 |  6.0
Stealth        | 5 |  5.2
Short Blades   | |  1.1
Dodging        | |  2.6

Action                   |  1- 3 |  4- 6 || total
-------------------------+-------+-------++-------
Melee: Dagger            |   161 |    65 ||   226
       Headbutt          |     2 |     5 ||     7
 Cast: Ensorcelled Hiber |     6 |    10 ||    16
       Tukima's Dance    |       |     6 ||     6
  Use: Scroll            |     5 |     1 ||     6
       Potion            |     5 |     2 ||     7
 Stab: Sleeping          |    11 |    16 ||    27
       Distracted        |     1 |       ||     1
Armor: Robe              |    20 |    10 ||    30
Dodge: Dodged            |   135 |    53 ||   188

Table legend: (Time is in decaauts)
 A = Elapsed time spent in this place.
 B = Non-inter-level travel time spent in this place.
 C = Inter-level travel time spent in this place.
 D = Time resting spent in this place.
 E = Time spent auto-exploring this place.
 F = Levels seen in this place.
 G = Mean time per level.
                   A        B        C        D        E       F      G
               +--------+--------+--------+--------+--------+-----+--------+
         Total |   3437 |   3403 |     34 |    950 |   1784 |   4 |  859.2 |
       Dungeon |   3352 |   3318 |     34 |    945 |   1725 |   3 | 1117.3 |
         Sewer |     85 |     85 |      0 |      5 |     59 |   1 |   85.0 |
               +--------+--------+--------+--------+--------+-----+--------+

Top non-repeatable levels by time:
     D:1: 1861 daAuts
     D:2: 1228 daAuts
     D:3: 262 daAuts
   Sewer: 85 daAuts
